NCAA
SOUTH FLORIDA BULLS @ KENTUCKY WILDCATS
04/08/2025
 
TOP OF THE 1ST
South Florida Bulls batting - Pitching for Kentucky Wildcats : RHP Sean Martínez
Pitching: RHP Sean Martínez
Batting: RHB Dave Anderson 0-0: Swinging Strike
0-1: Ball
1-1: Fly out, F8 (Popup, 4D)
Batting: LHB Weston Chaney 0-0: Foul Ball, location: 2F
0-1: Fly out, F7 (Popup, 78S)
Batting: RHB Mark Parker 0-0: Ball
1-0: Ball
2-0: Fly out, F8 (Flyball, 8RM)
Top of the 1st over - 0 run(s), 0 hit(s), 0 error(s), 0 left on base; South Florida 0 - Kentucky 0
BOTTOM OF THE 1ST
Kentucky Wildcats batting - Pitching for South Florida Bulls : RHP Ron Hannah
Pitching: RHP Ron Hannah
Batting: SHB Lonnie Washington 0-0: Called Strike
0-1: Called Strike
0-2: Ball
1-2: Fly out, F5 (Popup, 5SF)
Batting: LHB Eric Dillard 0-0: Fly out, F9 (Flyball, 9D)
Batting: RHB Phil McJannett 0-0: Foul Ball, location: 2F
0-1: Ball
1-1: Called Strike
1-2: Strikes out swinging
Bottom of the 1st over - 0 run(s), 0 hit(s), 0 error(s), 0 left on base; South Florida 0 - Kentucky 0
TOP OF THE 2ND
South Florida Bulls batting - Pitching for Kentucky Wildcats : RHP Sean Martínez
Batting: LHB Bob Bush 0-0: Ball
1-0: Ball
2-0: Called Strike
2-1: Foul Ball, location: 2F
2-2: Foul Ball, location: 2F
2-2: Strikes out swinging
Batting: RHB Millard Walker 0-0: Swinging Strike
0-1: Hit by Pitch
Batting: SHB Michael Field 0-0: Foul Ball, location: 2F
0-1: Ball
1-1: Swinging Strike
1-2: Ball
2-2: Foul Ball, location: 2F
2-2: Foul Ball, location: 2F
2-2: Foul Ball, location: 2F
2-2: 2-RUN HOME RUN (Flyball, 9LD), Distance : 338 ft
Batting: RHB Keith Stimson 0-0: Called Strike
0-1: Ball
1-1: DOUBLE (Flyball, 8LM)
Batting: RHB Roberto Camacho 0-0: Called Strike
0-1: Ball
1-1: Foul Ball, location: 2F
1-2: Ball
2-2: Ball
3-2: Base on Balls
Batting: RHB Pancho Reyna 0-0: Foul Ball, location: 2F
0-1: Ball
1-1: Swinging Strike
1-2: Strikes out swinging
Batting: RHB Dave Anderson 0-0: Ball
1-0: SINGLE (Line Drive, 4)
Keith Stimson to third
Roberto Camacho to second
Batting: LHB Weston Chaney 0-0: Called Strike
0-1: Fly out, F5 (Line Drive, 5)
Top of the 2nd over - 2 run(s), 3 hit(s), 0 error(s), 3 left on base; South Florida 2 - Kentucky 0
BOTTOM OF THE 2ND
Kentucky Wildcats batting - Pitching for South Florida Bulls : RHP Ron Hannah
Batting: LHB John Hudson 0-0: Ball
1-0: Ball
2-0: Ball
3-0: Called Strike
3-1: Base on Balls
Batting: RHB Chris Rice 0-0: Called Strike
0-1: Ball
1-1: Swinging Strike
1-2: Strikes out swinging
Batting: RHB Julius Farmer 0-0: Ball
John Hudson steals 2nd base
1-0: Foul Ball, location: 2F
1-1: Swinging Strike
1-2: Fly out, F8 (Flyball, 89S)
Batting: SHB Bryan Long 0-0: Ball
1-0: Ball
2-0: Ball
3-0: Called Strike
3-1: Ground out U3 (Groundball, 3S)
Bottom of the 2nd over - 0 run(s), 0 hit(s), 0 error(s), 1 left on base; South Florida 2 - Kentucky 0
TOP OF THE 3RD
South Florida Bulls batting - Pitching for Kentucky Wildcats : RHP Sean Martínez
Batting: RHB Mark Parker 0-0: Ball
1-0: Foul Ball, location: 2F
1-1: Fly out, F6 (Line Drive, 6)
Batting: LHB Bob Bush 0-0: Called Strike
0-1: Ball
1-1: Foul Ball, location: 2F
1-2: Ball
2-2: Strikes out swinging
Batting: RHB Millard Walker 0-0: Called Strike
0-1: Swinging Strike
0-2: Strikes out looking
Top of the 3rd over - 0 run(s), 0 hit(s), 0 error(s), 0 left on base; South Florida 2 - Kentucky 0
BOTTOM OF THE 3RD
Kentucky Wildcats batting - Pitching for South Florida Bulls : RHP Ron Hannah
Batting: RHB Bob Zambrano 0-0: Swinging Strike
0-1: Ball
1-1: Called Strike
1-2: SINGLE (Line Drive, 8LS)
Batting: RHB Francisco Solgato 0-0: Fly out, F8 (Line Drive, 8RM)
Batting: SHB Lonnie Washington 0-0: Fly out, F9 (Flyball, 9M)
Batting: LHB Eric Dillard 0-0: Called Strike
0-1: SINGLE (Groundball, 34D)
Bob Zambrano to second
Runner from 2nd tries for 3rd, SAFE, no throw or cutoff
Batting: RHB Phil McJannett 0-0: Fly out, F9 (Flyball, 89D)
Bottom of the 3rd over - 0 run(s), 2 hit(s), 0 error(s), 2 left on base; South Florida 2 - Kentucky 0
TOP OF THE 4TH
South Florida Bulls batting - Pitching for Kentucky Wildcats : RHP Sean Martínez
Batting: SHB Michael Field 0-0: Ball
1-0: Foul Ball, location: 2F
1-1: Called Strike
1-2: Ball
2-2: SINGLE (Groundball, 34D)
Batting: RHB Keith Stimson 0-0: Ball
1-0: Swinging Strike
1-1: Swinging Strike
1-2: Strikes out swinging
Batting: RHB Roberto Camacho 0-0: Ball
1-0: Foul Ball, location: 2F
1-1: Ball
2-1: Ball
3-1: Grounds into double play, 1-6-3 (Groundball, 23)
Top of the 4th over - 0 run(s), 1 hit(s), 0 error(s), 0 left on base; South Florida 2 - Kentucky 0
BOTTOM OF THE 4TH
Kentucky Wildcats batting - Pitching for South Florida Bulls : RHP Ron Hannah
Batting: LHB John Hudson 0-0: Ball
1-0: Foul Ball, location: 2F
1-1: Ball
2-1: Ground out 4-3 (Groundball, 4)
Batting: RHB Chris Rice 0-0: Ground out 4-3 (Groundball, 34)
Batting: RHB Julius Farmer 0-0: Fly out, F4 (Popup, 4MD)
Bottom of the 4th over - 0 run(s), 0 hit(s), 0 error(s), 0 left on base; South Florida 2 - Kentucky 0
TOP OF THE 5TH
South Florida Bulls batting - Pitching for Kentucky Wildcats : RHP Sean Martínez
Batting: RHB Pancho Reyna 0-0: Ball
1-0: Fly out, F6 (Popup, 6M)
Batting: RHB Dave Anderson 0-0: Ball
1-0: Foul Ball, location: 2F
1-1: Ground out 1-3 (Groundball, 15)
Batting: LHB Weston Chaney 0-0: Swinging Strike
0-1: Ball
1-1: Ground out 5-3 (Groundball, 56)
Top of the 5th over - 0 run(s), 0 hit(s), 0 error(s), 0 left on base; South Florida 2 - Kentucky 0
BOTTOM OF THE 5TH
Kentucky Wildcats batting - Pitching for South Florida Bulls : RHP Ron Hannah
Batting: SHB Bryan Long 0-0: Ball
1-0: SINGLE (Groundball, 34D)
Batting: RHB Bob Zambrano 0-0: Ball
1-0: Called Strike
1-1: Ball
2-1: Foul Ball, location: 2F
2-2: Ball
3-2: SINGLE (Line Drive, 6MD)
Bryan Long to second
Batting: RHB Francisco Solgato 0-0: Ball
1-0: Called Strike
1-1: Foul Ball, location: 2F
1-2: Strikes out swinging
Batting: SHB Lonnie Washington 0-0: Ball
Bob Zambrano steals 2nd base
Bryan Long to third
1-0: Called Strike
1-1: Foul Ball, location: 2F
1-2: Foul Ball, location: 2F
1-2: Ball
2-2: Foul Ball, location: 2F
2-2: Strikes out swinging
Batting: LHB Eric Dillard 0-0: Called Strike
0-1: Fly out, F1 (Line Drive, 13)
Bottom of the 5th over - 0 run(s), 2 hit(s), 0 error(s), 2 left on base; South Florida 2 - Kentucky 0
TOP OF THE 6TH
South Florida Bulls batting - Pitching for Kentucky Wildcats : RHP Sean Martínez
Batting: RHB Mark Parker 0-0: Called Strike
0-1: Called Strike
0-2: Strikes out swinging
Batting: LHB Bob Bush 0-0: Ball
1-0: Fly out, F8 (Flyball, 89M)
Batting: RHB Millard Walker 0-0: Ball
1-0: Ball
Single, Error in OF, E7, batter to second base
Pitching: RHP Pat Forrest
Batting: SHB Michael Field 0-0: Ground out U3 (Groundball, 3)
Top of the 6th over - 0 run(s), 1 hit(s), 1 error(s), 1 left on base; South Florida 2 - Kentucky 0
BOTTOM OF THE 6TH
Kentucky Wildcats batting - Pitching for South Florida Bulls : RHP Ron Hannah
Batting: RHB Phil McJannett 0-0: Ball
1-0: Fly out, F8 (Flyball, 8RM)
Batting: LHB John Hudson 0-0: Ball
1-0: Hit by Pitch
Batting: RHB Chris Rice 0-0: Ball
1-0: Ball
2-0: SINGLE (Groundball, 6M)
John Hudson to second
Batting: RHB Julius Farmer 0-0: Called Strike
0-1: Foul Ball, location: 2F
0-2: Ball
1-2: Ball
2-2: Ball
3-2: Strikes out swinging
Batting: SHB Bryan Long 0-0: Called Strike
0-1: DOUBLE (Line Drive, 89M)
John Hudson scores
Chris Rice to third
Runner from 3rd tries for Home, SAFE, no throw or cutoff
Batting: RHB Bob Zambrano 0-0: Foul Ball, location: 2F
0-1: Ground out 5-3 (Groundball, 56)
Bottom of the 6th over - 2 run(s), 2 hit(s), 0 error(s), 1 left on base; South Florida 2 - Kentucky 2
TOP OF THE 7TH
South Florida Bulls batting - Pitching for Kentucky Wildcats : RHP Pat Forrest
Batting: RHB Keith Stimson 0-0: Ball
1-0: SINGLE (Groundball, 34D)
Batting: RHB Roberto Camacho 0-0: Ball
1-0: Ball
2-0: Bunted foul
2-1: Sac Bunt - play at first, batter OUT! 1-4
Keith Stimson to second
Batting: RHB Pancho Reyna 0-0: Foul Ball, location: 2F
0-1: Swinging Strike
0-2: SINGLE (Flyball, 7LM)
Keith Stimson to third
Batting: RHB Dave Anderson 0-0: Foul Ball, location: 2F
0-1: Fly out, F9 (Popup, 3D)
Batting: LHB Weston Chaney 0-0: Foul Ball, location: 2F
0-1: Ball
1-1: Ball
2-1: Foul Ball, location: 2F
2-2: Ball
3-2: Foul Ball, location: 2F
3-2: SINGLE (Groundball, 34D)
Keith Stimson scores
Pancho Reyna to second
Pancho Reyna to third
Batting: RHB Mark Parker 0-0: Foul Ball, location: 2F
0-1: Fielders Choice at 2nd, U4 (Groundball, 4M)
Top of the 7th over - 1 run(s), 3 hit(s), 0 error(s), 2 left on base; South Florida 3 - Kentucky 2
BOTTOM OF THE 7TH
Kentucky Wildcats batting - Pitching for South Florida Bulls : RHP Ron Hannah
Pitching: LHP Michel Bachand
Batting: RHB Francisco Solgato 0-0: Ball
1-0: Ball
2-0: SINGLE (Groundball, 6M)
Batting: SHB Lonnie Washington 0-0: Bunted foul
0-1: Sac Bunt - play at first, batter OUT! U3
Francisco Solgato to second
Pinch Hitting: RHB Robert Rose 0-0: Ball
1-0: Swinging Strike
1-1: Foul Ball, location: 2F
1-2: SINGLE (Groundball, 56D)
Francisco Solgato to third
Batting: RHB Phil McJannett 0-0: Fly out, F3 (Popup, 3F)
Batting: LHB John Hudson 0-0: Ball
1-0: Called Strike
1-1: Ball
2-1: Swinging Strike
2-2: Strikes out swinging
Bottom of the 7th over - 0 run(s), 2 hit(s), 0 error(s), 2 left on base; South Florida 3 - Kentucky 2
TOP OF THE 8TH
South Florida Bulls batting - Pitching for Kentucky Wildcats : RHP Pat Forrest
Now in CF: António Olivares
Batting: LHB Bob Bush 0-0: Ball
1-0: Fly out, F8 (Flyball, 8LM)
Batting: RHB Millard Walker 0-0: Ball
1-0: Ball
2-0: Called Strike
2-1: Fly out, F9 (Flyball, 9M)
Batting: SHB Michael Field 0-0: Ball
1-0: Ball
2-0: Called Strike
2-1: Ground out 3-1 (Groundball, 34)
Top of the 8th over - 0 run(s), 0 hit(s), 0 error(s), 0 left on base; South Florida 3 - Kentucky 2
BOTTOM OF THE 8TH
Kentucky Wildcats batting - Pitching for South Florida Bulls : LHP Michel Bachand
Pitching: RHP Rick Díaz
Batting: RHB Chris Rice 0-0: Foul Ball, location: 2F
0-1: Ball
1-1: Called Strike
1-2: Ball
2-2: SINGLE (Groundball, 4D)
Batting: RHB Julius Farmer 0-0: Bunted foul
0-1: Bunted foul
0-2: Ball
1-2: Ball
2-2: Foul Ball, location: 2F
2-2: Ball
3-2: Base on Balls
Chris Rice to second
Batting: SHB Bryan Long 0-0: Called Strike
0-1: Ball
1-1: Called Strike
1-2: Foul Ball, location: 2F
1-2: Ball
2-2: Strikes out looking
Batting: RHB Bob Zambrano 0-0: Called Strike
0-1: Ball
1-1: Foul Ball, location: 2F
1-2: Foul Ball, location: 2F
1-2: Grounds into double play, 5-4-3 (Groundball, 56)
Bottom of the 8th over - 0 run(s), 1 hit(s), 0 error(s), 1 left on base; South Florida 3 - Kentucky 2
TOP OF THE 9TH
South Florida Bulls batting - Pitching for Kentucky Wildcats : RHP Pat Forrest
Batting: RHB Keith Stimson 0-0: Ball
1-0: Called Strike
1-1: Swinging Strike
1-2: Ball
2-2: Ball
3-2: Foul Ball, location: 2F
3-2: Strikes out swinging
Batting: RHB Roberto Camacho 0-0: Ball
1-0: Ball
2-0: Ball
3-0: Base on Balls
Pitching: RHP Joe Chacón
Batting: RHB Pancho Reyna 0-0: Ball
1-0: Ball
2-0: Ball
3-0: Called Strike
3-1: Fly out, F5 (Popup, 5S)
Batting: RHB Dave Anderson 0-0: Called Strike
0-1: Called Strike
0-2: Foul Ball, location: 2F
0-2: Ball
1-2: Fielders Choice at 2nd, U4 (Groundball, 4M)
Top of the 9th over - 0 run(s), 0 hit(s), 0 error(s), 1 left on base; South Florida 3 - Kentucky 2
BOTTOM OF THE 9TH
Kentucky Wildcats batting - Pitching for South Florida Bulls : RHP Rick Díaz
Pitching: RHP Xi-tong Shi
Batting: RHB Francisco Solgato 0-0: Foul Ball, location: 2F
0-1: Called Strike
0-2: Ball
1-2: Foul Ball, location: 2F
1-2: Strikes out swinging
Batting: SHB Lonnie Washington 0-0: Swinging Strike
0-1: Ball
1-1: Ball
2-1: Fly out, F7 (Flyball, 78M)
Batting: RHB António Olivares 0-0: Ball
1-0: Foul Ball, location: 2F
1-1: Foul Ball, location: 2F
1-2: Foul Ball, location: 2F
1-2: Ball
2-2: Ground out 6-3 (Groundball, 6)
Bottom of the 9th over - 0 run(s), 0 hit(s), 0 error(s), 0 left on base; South Florida 3 - Kentucky 2
This league is powered by Out of the Park Baseball, the baseball management simulation game for PC, Mac and Linux
Tuesday, August 2nd, 2016 - OOTP Baseball 16.8 Build 38